TOP OF THE 1ST |
Seattle Rainiers batting - Pitching for Chula Vista Tacos : RHP Manny Cook
|
Pitching: RHP Manny Cook
|
|
Batting: RHB Alfredo Farías
|
0-0: Ball 1-0: Ball 2-0: Called Strike 2-1: Ball 3-1: SINGLE (Line Drive, 9S)
|
Batting: LHB Cisco Villanueva
|
0-0: DOUBLE (Line Drive, 7LM) Alfredo Farías to third
|
Batting: RHB Enrique Soto
|
0-0: Called Strike 0-1: Foul Ball, location: 2F 0-2: Foul Ball, location: 2F 0-2: Ball 1-2: Foul Ball, location: 2F 1-2: Strikes out looking
|
Batting: RHB Jim Love
|
0-0: Foul Ball, location: 2F 0-1: Ball 1-1: Ball 2-1: Called Strike 2-2: Foul Ball, location: 2F 2-2: Ball 3-2: Base on Balls
|
Batting: RHB Rodrigo García
|
0-0: Ball 1-0: Called Strike 1-1: SINGLE (Groundball, 6MD) Alfredo Farías scores Cisco Villanueva to third Jim Love to second Runner from 3rd tries for Home, SAFE, no throw
|
Batting: RHB Ken Miller
|
0-0: Ball 1-0: Foul Ball, location: 2F 1-1: Called Strike 1-2: Foul Ball, location: 2F 1-2: Ball 2-2: Foul Ball, location: 2F 2-2: SINGLE (Groundball, 6D) Jim Love to third Rodrigo García to second Runner from 3rd tries for Home, SAFE, no throw
|
Batting: RHB Fred McPhun
|
0-0: Ball 1-0: Foul Ball, location: 2F 1-1: Ball 2-1: Called Strike 2-2: Foul Ball, location: 2F 2-2: Foul Ball, location: 2F 2-2: Reached on error, E4 (Groundball, 34) Rodrigo García to third Ken Miller to second
|
Batting: LHB Alarico Sloet tot Everlo
|
0-0: Swinging Strike 0-1: Ball 1-1: Swinging Strike 1-2: Ball 2-2: Ball 3-2: Base on Balls Rodrigo García scores Ken Miller to third Fred McPhun to second
|
Batting: SHB Javier Contreras
|
0-0: Ball 1-0: Called Strike 1-1: Ground out 6-3 (Groundball, 4M) Ken Miller scores Fred McPhun to third Alarico Sloet tot Everlo to second
|
Batting: RHB Alfredo Farías
|
0-0: Ground out 5-3 (Groundball, 56)
|
Top of the 1st over - 5 runs, 4 hits, 1 error, 2 left on base; Seattle 5 - Chula Vista 0 |
BOTTOM OF THE 1ST |
Chula Vista Tacos batting - Pitching for Seattle Rainiers : LHP Nick Thornton
|
Pitching: LHP Nick Thornton
|
|
Batting: LHB Dale Miller
|
0-0: Called Strike 0-1: Ball 1-1: Ball 2-1: Ball 3-1: Base on Balls
|
Batting: RHB Gonzalo García
|
0-0: Called Strike Dale Miller steals 2nd base 0-1: Ground out 1-3 (Groundball, 13) Dale Miller to third
|
Batting: RHB Valentín Saldaña
|
0-0: Called Strike 0-1: Ball 1-1: Ball 2-1: Foul Ball, location: 2F 2-2: Ball 3-2: Foul Ball, location: 2F 3-2: Base on Balls
|
Batting: RHB Eric Schroeder
|
0-0: Ball 1-0: Foul Ball, location: 2F 1-1: Foul Ball, location: 2F 1-2: Strikes out swinging
|
Batting: LHB Jean Beauchemin
|
0-0: Ball 1-0: Ground out 4-3 (Groundball, 34)
|
Bottom of the 1st over - 0 runs, 0 hits, 0 errors, 2 left on base; Seattle 5 - Chula Vista 0 |
TOP OF THE 2ND |
Seattle Rainiers batting - Pitching for Chula Vista Tacos : RHP Manny Cook
|
Batting: LHB Cisco Villanueva
|
0-0: Ball 1-0: Ball 2-0: Ball 3-0: Base on Balls
|
Batting: RHB Enrique Soto
|
0-0: Called Strike Cisco Villanueva steals 2nd base 0-1: Foul Ball, location: 2F 0-2: DOUBLE (Line Drive, 78D) Cisco Villanueva scores
|
Batting: RHB Jim Love
|
0-0: Ball 1-0: Foul Ball, location: 2F 1-1: Ball 2-1: SINGLE (Groundball, 6MD) Enrique Soto to third
|
Batting: RHB Rodrigo García
|
0-0: Called Strike 0-1: Ball 1-1: Fly out, F8 (Line Drive, 8LD) Runner from 3rd tags up, SCORES, throw made
|
Batting: RHB Ken Miller
|
0-0: Ball 1-0: Called Strike 1-1: Foul Ball, location: 2F 1-2: Grounds into double play, 5-4-3 (Groundball, 5)
|
Top of the 2nd over - 2 runs, 2 hits, 0 errors, 0 left on base; Seattle 7 - Chula Vista 0 |
BOTTOM OF THE 2ND |
Chula Vista Tacos batting - Pitching for Seattle Rainiers : LHP Nick Thornton
|
Batting: RHB Kenny Miller
|
0-0: Ball 1-0: Fly out, F8 (Flyball, 78D)
|
Batting: RHB Rafael Cardenas
|
0-0: Ball 1-0: Swinging Strike 1-1: Ball 2-1: Fly out, F7 (Flyball, 78D)
|
Batting: RHB Nelson Wright
|
0-0: Foul Ball, location: 2F 0-1: Ball 1-1: Swinging Strike 1-2: Foul Ball, location: 2F 1-2: Ball 2-2: Ball 3-2: Foul Ball, location: 2F 3-2: Fly out, F8 (Flyball, 8RS)
|
Bottom of the 2nd over - 0 runs, 0 hits, 0 errors, 0 left on base; Seattle 7 - Chula Vista 0 |
TOP OF THE 3RD |
Seattle Rainiers batting - Pitching for Chula Vista Tacos : RHP Manny Cook
|
Batting: RHB Fred McPhun
|
0-0: Ball 1-0: Foul Ball, location: 2F 1-1: Swinging Strike 1-2: Ball 2-2: Ground out 1-3 (Groundball, 15)
|
Batting: LHB Alarico Sloet tot Everlo
|
0-0: Ball 1-0: Ball 2-0: Ball 3-0: Base on Balls
|
Batting: SHB Javier Contreras
|
0-0: Ball 1-0: Fielders Choice at 2nd, 3-6 (Groundball, 34)
|
Batting: RHB Alfredo Farías
|
0-0: Called Strike 0-1: Called Strike 0-2: Strikes out swinging
|
Top of the 3rd over - 0 runs, 0 hits, 0 errors, 1 left on base; Seattle 7 - Chula Vista 0 |
BOTTOM OF THE 3RD |
Chula Vista Tacos batting - Pitching for Seattle Rainiers : LHP Nick Thornton
|
Batting: RHB Dan Salazar
|
0-0: Foul Ball, location: 2F 0-1: Ball 1-1: Ball 2-1: Ball 3-1: Foul Ball, location: 2F 3-2: SINGLE (Groundball, 6D)
|
Batting: LHB Dale Miller
|
0-0: Swinging Strike 0-1: Ball 1-1: Ground out U3 (Groundball, 34S) Dan Salazar to second
|
Batting: RHB Gonzalo García
|
0-0: Called Strike 0-1: Ball 1-1: Fly out, F6 (Popup, 6)
|
Batting: RHB Valentín Saldaña
|
0-0: Ball 1-0: Foul Ball, location: 2F 1-1: Ball Wild Pitch! Dan Salazar to third 2-1: Ball 3-1: Called Strike 3-2: Base on Balls
|
Batting: RHB Eric Schroeder
|
0-0: Swinging Strike 0-1: Called Strike 0-2: Strikes out looking
|
Bottom of the 3rd over - 0 runs, 1 hit, 0 errors, 2 left on base; Seattle 7 - Chula Vista 0 |
TOP OF THE 4TH |
Seattle Rainiers batting - Pitching for Chula Vista Tacos : RHP Manny Cook
|
Batting: LHB Cisco Villanueva
|
0-0: Foul Ball, location: 2F 0-1: Called Strike 0-2: Strikes out swinging
|
Batting: RHB Enrique Soto
|
0-0: Called Strike 0-1: Ground out 6-3 (Groundball, 6)
|
Batting: RHB Jim Love
|
0-0: Ball 1-0: DOUBLE (Line Drive, 7LM)
|
Batting: RHB Rodrigo García
|
0-0: Ball 1-0: Ball 2-0: Called Strike 2-1: Fly out, F3 (Popup, 3S)
|
Top of the 4th over - 0 runs, 1 hit, 0 errors, 1 left on base; Seattle 7 - Chula Vista 0 |
BOTTOM OF THE 4TH |
Chula Vista Tacos batting - Pitching for Seattle Rainiers : LHP Nick Thornton
|
Batting: LHB Jean Beauchemin
|
0-0: Called Strike 0-1: Ball 1-1: Ball 2-1: Called Strike 2-2: Strikes out swinging
|
Batting: RHB Kenny Miller
|
0-0: Ball 1-0: Ball 2-0: Ball 3-0: Base on Balls
|
Batting: RHB Rafael Cardenas
|
0-0: Fly out, F9 (Flyball, 89D)
|
Batting: RHB Nelson Wright
|
0-0: Ball 1-0: Called Strike 1-1: Ball 2-1: Swinging Strike 2-2: Strikes out swinging
|
Bottom of the 4th over - 0 runs, 0 hits, 0 errors, 1 left on base; Seattle 7 - Chula Vista 0 |
TOP OF THE 5TH |
Seattle Rainiers batting - Pitching for Chula Vista Tacos : RHP Manny Cook
|
Batting: RHB Ken Miller
|
0-0: Foul Ball, location: 2F 0-1: Ball 1-1: Ball 2-1: Foul Ball, location: 2F 2-2: SINGLE (Line Drive, 89S)
|
Batting: RHB Fred McPhun
|
0-0: Called Strike 0-1: Ball 1-1: Foul Ball, location: 2F 1-2: Ball 2-2: Ball 3-2: Base on Balls Ken Miller to second
|
Batting: LHB Alarico Sloet tot Everlo
|
0-0: DOUBLE (Line Drive, 9LM) Ken Miller scores Fred McPhun to third
|
Batting: SHB Javier Contreras
|
0-0: Ball 1-0: Swinging Strike 1-1: Swinging Strike 1-2: Foul Ball, location: 2F 1-2: Strikes out swinging
|
Batting: RHB Alfredo Farías
|
0-0: Called Strike 0-1: Swinging Strike 0-2: Strikes out swinging
|
Batting: LHB Cisco Villanueva
|
0-0: Called Strike 0-1: Reached via error on a dropped throw, E3 Fred McPhun scores Alarico Sloet tot Everlo to third
|
Pitching: RHP Kevin Compton
|
|
Batting: RHB Enrique Soto
|
0-0: Called Strike 0-1: Called Strike 0-2: SINGLE (Flyball, 7LS) Alarico Sloet tot Everlo scores Cisco Villanueva to second Runner from 2nd tries for 3rd, SAFE, throw made to third
|
Batting: RHB Jim Love
|
0-0: Ball 1-0: Ball 2-0: Ball 3-0: Called Strike 3-1: Foul Ball, location: 2F 3-2: Foul Ball, location: 2F 3-2: Foul Ball, location: 2F 3-2: Base on Balls Enrique Soto to second
|
Batting: RHB Rodrigo García
|
0-0: SINGLE (Groundball, 56D) Cisco Villanueva scores Enrique Soto to third Jim Love to second
|
Batting: RHB Ken Miller
|
0-0: Called Strike 0-1: Foul Ball, location: 2F 0-2: Strikes out swinging
|
Top of the 5th over - 4 runs, 4 hits, 1 error, 3 left on base; Seattle 11 - Chula Vista 0 |
BOTTOM OF THE 5TH |
Chula Vista Tacos batting - Pitching for Seattle Rainiers : LHP Nick Thornton
|
Batting: RHB Dan Salazar
|
0-0: Foul Ball, location: 2F 0-1: Fly out, F7 (Flyball, 78XD)
|
Batting: LHB Dale Miller
|
0-0: Foul Ball, location: 2F 0-1: Called Strike 0-2: Foul Ball, location: 2F 0-2: Strikes out swinging
|
Batting: RHB Gonzalo García
|
0-0: Called Strike 0-1: Ball 1-1: Called Strike 1-2: Strikes out looking
|
Bottom of the 5th over - 0 runs, 0 hits, 0 errors, 0 left on base; Seattle 11 - Chula Vista 0 |
TOP OF THE 6TH |
Seattle Rainiers batting - Pitching for Chula Vista Tacos : RHP Kevin Compton
|
Batting: RHB Fred McPhun
|
0-0: DOUBLE (Line Drive, 89D)
|
Batting: LHB Alarico Sloet tot Everlo
|
0-0: Ball 1-0: Foul Ball, location: 2F 1-1: Ball 2-1: Swinging Strike 2-2: Ball 3-2: SINGLE (Flyball, 9LS) Fred McPhun to third
|
Batting: SHB Javier Contreras
|
0-0: SINGLE (Groundball, 3D) Fred McPhun scores Alarico Sloet tot Everlo to second Runner from 2nd tries for 3rd, SAFE, no throw
|
Batting: RHB Alfredo Farías
|
0-0: Called Strike 0-1: Ball 1-1: Ball 2-1: Fly out, F7 (Flyball, 7S)
|
Batting: LHB Cisco Villanueva
|
0-0: SINGLE (Flyball, 89M) Alarico Sloet tot Everlo scores Javier Contreras to second Runner from 2nd tries for 3rd, SAFE, no throw
|
Batting: RHB Enrique Soto
|
0-0: 3-RUN HOME RUN (Flyball, 78XD), Distance : 420 ft
|
Batting: RHB Jim Love
|
0-0: Called Strike 0-1: Ball 1-1: Called Strike 1-2: Strikes out swinging
|
Batting: RHB Rodrigo García
|
0-0: Called Strike 0-1: Called Strike 0-2: Ball 1-2: Ball 2-2: Strikes out swinging
|
Top of the 6th over - 5 runs, 5 hits, 0 errors, 0 left on base; Seattle 16 - Chula Vista 0 |
BOTTOM OF THE 6TH |
Chula Vista Tacos batting - Pitching for Seattle Rainiers : LHP Nick Thornton
|
Batting: RHB Valentín Saldaña
|
0-0: Ball 1-0: Ball 2-0: Swinging Strike 2-1: Swinging Strike 2-2: Foul Ball, location: 2F 2-2: Foul Ball, location: 2F 2-2: Strikes out looking
|
Batting: RHB Eric Schroeder
|
0-0: Ball 1-0: Foul Ball, location: 2F 1-1: Called Strike 1-2: Ground out 4-3 (Groundball, 4)
|
Batting: LHB Jean Beauchemin
|
0-0: Foul Ball, location: 2F 0-1: Swinging Strike 0-2: Ball 1-2: Strikes out swinging
|
Bottom of the 6th over - 0 runs, 0 hits, 0 errors, 0 left on base; Seattle 16 - Chula Vista 0 |
TOP OF THE 7TH |
Seattle Rainiers batting - Pitching for Chula Vista Tacos : RHP Kevin Compton
|
Batting: RHB Ken Miller
|
0-0: Ball 1-0: Foul Ball, location: 2F 1-1: Called Strike 1-2: Foul Ball, location: 2F 1-2: SINGLE (Line Drive, 5D)
|
Batting: RHB Fred McPhun
|
0-0: Called Strike 0-1: Ball Ken Miller steals 2nd base 1-1: Foul Ball, location: 2F 1-2: Ball 2-2: SINGLE (Flyball, 7LM) Ken Miller to third Runner from 3rd tries for Home, SAFE, throw made home
|
Batting: LHB Alarico Sloet tot Everlo
|
0-0: Called Strike 0-1: Swinging Strike 0-2: Ball 1-2: Strikes out swinging
|
Batting: SHB Javier Contreras
|
0-0: Ball 1-0: Swinging Strike 1-1: Ball 2-1: Called Strike 2-2: Ball 3-2: Base on Balls Fred McPhun to second
|
Pitching: RHP Keith Anderson
|
|
Batting: RHB Alfredo Farías
|
0-0: Foul Ball, location: 2F 0-1: Ball 1-1: Foul Ball, location: 2F 1-2: Strikes out swinging
|
Batting: LHB Cisco Villanueva
|
0-0: Called Strike 0-1: Ball 1-1: Ball 2-1: Foul Ball, location: 2F 2-2: Strikes out swinging
|
Top of the 7th over - 1 run, 2 hits, 0 errors, 2 left on base; Seattle 17 - Chula Vista 0 |
BOTTOM OF THE 7TH |
Chula Vista Tacos batting - Pitching for Seattle Rainiers : LHP Nick Thornton
|
Batting: RHB Kenny Miller
|
0-0: SINGLE (Line Drive, 8RS)
|
Batting: RHB Rafael Cardenas
|
0-0: Ball 1-0: Foul Ball, location: 2F 1-1: SINGLE (Groundball, 15S) (infield hit) Kenny Miller to second
|
Batting: RHB Nelson Wright
|
0-0: Fly out, F7 (Flyball, 7)
|
Batting: RHB Dan Salazar
|
0-0: Foul Ball, location: 2F 0-1: Ball 1-1: Called Strike 1-2: Ball 2-2: Fly out, F2 (Popup, 23F)
|
Batting: LHB Dale Miller
|
0-0: Ball 1-0: Ball 2-0: Foul Ball, location: 2F 2-1: Foul Ball, location: 2F 2-2: Ball 3-2: Ground out 6-3 (Groundball, 6M)
|
Bottom of the 7th over - 0 runs, 2 hits, 0 errors, 2 left on base; Seattle 17 - Chula Vista 0 |
TOP OF THE 8TH |
Seattle Rainiers batting - Pitching for Chula Vista Tacos : RHP Keith Anderson
|
Batting: RHB Enrique Soto
|
0-0: Called Strike 0-1: Swinging Strike 0-2: Ball 1-2: Ground out 6-3 (Groundball, 6MD)
|
Batting: RHB Jim Love
|
0-0: Ball 1-0: Foul Ball, location: 2F 1-1: Ground out 5-3 (Groundball, 5S)
|
Batting: RHB Rodrigo García
|
0-0: Ball 1-0: Called Strike 1-1: Ball 2-1: Foul Ball, location: 2F 2-2: SINGLE (Groundball, 56D)
|
Batting: RHB Ken Miller
|
0-0: Ball 1-0: Swinging Strike 1-1: Swinging Strike 1-2: Ball 2-2: Strikes out looking
|
Top of the 8th over - 0 runs, 1 hit, 0 errors, 1 left on base; Seattle 17 - Chula Vista 0 |
BOTTOM OF THE 8TH |
Chula Vista Tacos batting - Pitching for Seattle Rainiers : LHP Nick Thornton
|
Batting: RHB Gonzalo García
|
0-0: Called Strike 0-1: Foul Ball, location: 2F 0-2: Ball 1-2: Strikes out looking
|
Batting: RHB Valentín Saldaña
|
0-0: Called Strike 0-1: Ball 1-1: Foul Ball, location: 2F 1-2: Ball 2-2: Ball 3-2: Foul Ball, location: 2F 3-2: Strikes out swinging
|
Batting: RHB Eric Schroeder
|
0-0: Ball 1-0: Swinging Strike 1-1: Ball 2-1: Ball 3-1: Base on Balls
|
Pitching: LHP Scott White
|
|
Batting: LHB Jean Beauchemin
|
0-0: Called Strike 0-1: Called Strike 0-2: Strikes out swinging
|
Bottom of the 8th over - 0 runs, 0 hits, 0 errors, 1 left on base; Seattle 17 - Chula Vista 0 |
TOP OF THE 9TH |
Seattle Rainiers batting - Pitching for Chula Vista Tacos : RHP Keith Anderson
|
Batting: RHB Fred McPhun
|
0-0: Called Strike 0-1: Ball 1-1: Ball 2-1: Called Strike 2-2: Fly out, F7 (Line Drive, 7S)
|
Batting: LHB Alarico Sloet tot Everlo
|
0-0: Ball 1-0: Called Strike 1-1: Foul Ball, location: 2F 1-2: Ball 2-2: Foul Ball, location: 2F 2-2: Strikes out swinging
|
Batting: SHB Javier Contreras
|
0-0: Foul Ball, location: 2F 0-1: Ball 1-1: Swinging Strike 1-2: Strikes out swinging
|
Top of the 9th over - 0 runs, 0 hits, 0 errors, 0 left on base; Seattle 17 - Chula Vista 0 |
BOTTOM OF THE 9TH |
Chula Vista Tacos batting - Pitching for Seattle Rainiers : LHP Scott White
|
Batting: RHB Kenny Miller
|
0-0: Ball 1-0: Called Strike 1-1: Foul Ball, location: 2F 1-2: Hit by Pitch
|
Batting: RHB Rafael Cardenas
|
0-0: Grounds into double play, 4-6-3 (Groundball, 4)
|
Batting: RHB Nelson Wright
|
0-0: Ball 1-0: SINGLE (Groundball, 6MD)
|
Batting: RHB Dan Salazar
|
0-0: Ball 1-0: Swinging Strike 1-1: Called Strike 1-2: Ground out 6-3 (Groundball, 6S)
|
Bottom of the 9th over - 0 runs, 1 hit, 0 errors, 1 left on base; Seattle 17 - Chula Vista 0 |
|